 Dungeon Crawl Stone Soup version 0.29.1-2-gbd0b4ee654 (webtiles) character file.

Game seed: 3592230784992758183

1584 boopmooplesden the Cruncher (level 8, 0/68 HPs)
             Began as a Minotaur Gladiator on Nov 29, 2022.
             Was a Follower of Okawaru.
             Slain by an unseen horror (5 damage)
             ... on level 7 of the Dungeon.
             The game lasted 00:06:43 (7046 turns).

boopmooplesden the Cruncher (Minotaur Gladiator)    Turns: 7046, Time: 00:06:44

Health: 0/68       AC: 12    Str: 20    XL:     8   Next: 61%
Magic:  7/7        EV:  9    Int:  5    God:    Okawaru [*.....]
Gold:   332        SH:  0    Dex: 13    Spells: 7/7 levels left

rFire   . . .      SeeInvis .   a - +0 quarterstaff (vorpal)
rCold   . . .      Faith    .   (shield currently unavailable)
rNeg    . . .      Spirit   .   A - +0 chain mail
rPois   .          Reflect  .   c - +0 hat
rElec   .          Harm     .   j - +0 cloak
rCorr   .          Rampage  .   (no gloves)
Will    .....                   t - +0 pair of boots
Stlth   ..........              (no amulet)
HPRegen 0.21/turn               (no ring)
MPRegen 0.10/turn               (no ring)

@: no status effects
A: horns 2, retaliatory headbutt
a: Renounce Religion, Heroism


You were on level 7 of the Dungeon.
You worshipped Okawaru.
Okawaru was aware of your devotion.
You visited 1 branch of the dungeon, and saw 7 of its levels.

You collected 332 gold pieces.

Inventory:

Hand Weapons
 a - a +0 vorpal quarterstaff (weapon)
 i - a +2 quarterstaff of chaos
 m - a +2 hammer of protection
 n - the +5 hand axe "Dotiukag" {spect, *Slow rElec rPois Int-2 Dex+9}
   (You found it on level 7 of the Dungeon)

   When its wielder attacks, the weapon's spirit leaps out and strikes again.
   The spirit shares a part of any damage it takes with its wielder.
   Int:       It affects your intelligence (-2).
   Dex:       It affects your dexterity (+9).
   rElec:     It insulates you from electricity.
   rPois:     It protects you from poison.
   *Slow:     It may slow you when you take damage.
Missiles
 d - 3 throwing nets (quivered)
 e - 6 javelins
 y - 5 boomerangs
Armour
 c - a +0 hat (worn)
 j - a +0 cloak (worn)
 t - a +0 pair of boots (worn)
 A - a +0 chain mail (worn)
Jewellery
 l - an amulet of faith
 q - a ring of willpower
Wands
 u - a wand of acid (2)
 F - a wand of flame (35)
Scrolls
 b - 3 scrolls of amnesia
 f - a scroll of silence
 p - a scroll of enchant armour {unknown}
 r - 2 scrolls of noise
 s - 2 scrolls of teleportation
 w - 3 scrolls of identify
 C - a scroll of immolation {unknown}
 D - a scroll of torment {unknown}
 E - a scroll of enchant weapon {unknown}
 G - a scroll of magic mapping
 H - a scroll of fog {unknown}
Potions
 g - 3 potions of curing
 h - 2 potions of flight {unknown}
 k - 3 potions of mutation {unknown}
 o - a potion of heal wounds {unknown}
 v - a potion of lignification {unknown}
 x - a potion of cancellation {unknown}
 z - a potion of attraction {unknown}
 B - a potion of degeneration {unknown}


   Skills:
 + Level 5.0 Fighting
 + Level 9.4 Staves
 + Level 2.4 Throwing
 + Level 6.5 Armour
 + Level 4.7 Dodging
 + Level 2.2 Stealth


You had 7 spell levels left.
You didn't know any spells.
Your spell library contained the following spells:

 Spells                   Type           Power      Damage    Failure   Level
 Sting                    Tmut/Pois      0%         1d3       99%         1
 Poisonous Vapours        Pois/Air       0%         N/A       100%        2
 Olgreb's Toxic Radiance  Pois           0%         N/A       100%        4


Dungeon Overview and Level Annotations

Branches:
Dungeon (7/15)
 Temple: D:4-7

Altars:
Cheibriados
Elyvilon
Kikubaaqudgha
Makhleb
Okawaru
Vehumet
Zin


Innate Abilities, Weirdness & Mutations

You have a pair of horns on your head.
You reflexively headbutt those who attack you in melee.


Message History

You start resting.
HP restored.
You climb downwards.
Something hits you but does no damage.
Deactivating autopickup; reactivate with Ctrl-A.
Something hits you. Something hits you but does no damage.
There is a stone staircase leading up, spattered with blood here.
Something hits you but does no damage. Something hits you.
Something hits you but does no damage. Something hits you! Something hits you.
Something hits you. Something hits you. Something hits you but does no damage.
Something hits you but does no damage.
You swing at nothing.
Something hits you but does no damage.
You hit something but do no damage. Something hits you!
Something hits you but does no damage.
You hit something. Your headbutt misses something.
Something hits you but does no damage.
You swing at nothing.
Something hits you. Something hits you!
You hit something but do no damage. Your headbutt misses something.
Something hits you.
You sock something! You headbutt something.
Something hits you but does no damage.
You swing at nothing.
You hit something but do no damage. Something hits you.
You swing at nothing.
Something hits you but does no damage.
You swing at nothing.
Something hits you. x2
You miss something. Something hits you.
You barely miss something. Something hits you.
* * * LOW HITPOINT WARNING * * *
You barely miss something. Something hits you.
* * * LOW HITPOINT WARNING * * *
Something hits you.
* * * LOW HITPOINT WARNING * * *
You hit something. Something hits you!
* * * LOW HITPOINT WARNING * * *
You hit something but do no damage. Your headbutt misses something.
Something hits you.
You die...

#.....⌠.....#
#..<.....>..#
#.....⌠.....#
#...........#
##..⌠...⌠..## .
##.......##....
#..####........
##.# #........
#@# #........
#..# #........
#..# ##.......
##.# ....... ..
....... ..#
#...... ..# ...


There were no monsters in sight!

Vanquished Creatures
  Grinder (D:4)
  Prince Ribbit (D:6)
  A steam dragon (D:7)
  A sky beast (D:7)
  2 ice beasts (D:6)
  A kobold brigand (D:6)
  2 necrophages
  3 scorpions
  2 orc priests (D:6)
  A hound (D:5)
  A jelly (D:4)
  Crazy Yiuf (D:2)
  An iguana (D:6)
  4 orc wizards
  3 adders
  2 white imps
  An ufetubus (D:6)
  4 dart slugs
  13 orcs
  8 endoplasms
  4 giant cockroaches
  6 goblins
  7 hobgoblins
  7 jackals (D:3)
  5 quokkas
  5 ball pythons
  2 bats (D:2)
  5 frilled lizards
  11 kobolds
  2 rats (D:1)
107 creatures vanquished.

Vanquished Creatures (others)
  An orc wizard (D:3)
  A shadow imp (D:7)
2 creatures vanquished.

Grand Total: 109 creatures vanquished

Notes
Turn   | Place    | Note
-------+----------+-------------------------------------------
     0 | D:1      | boopmooplesden the Minotaur Gladiator began the quest for
                  | the Orb.
     0 | D:1      | Reached XP level 1. HP: 18/18 MP: 0/0
   148 | D:1      | Reached XP level 2. HP: 25/25 MP: 1/1
   186 | D:1      | Reached skill level 4 in Staves
   395 | D:1      | Noticed a shining eye
   399 | D:1      | Found a faded altar of an unknown god.
   401 | D:1      | Noticed a great orb of eyes
   401 | D:1      | Noticed a golden eye
   401 | D:1      | Noticed a shining eye
   849 | D:1      | Reached XP level 3. HP: 30/30 MP: 2/2
  1756 | D:2      | Found a runed translucent door.
  1757 | D:2      | Noticed Crazy Yiuf
  2137 | D:2      | Killed Crazy Yiuf
  2138 | D:2      | Reached skill level 5 in Staves
  2138 | D:2      | Reached skill level 1 in Armour
  2138 | D:2      | Reached XP level 4. HP: 20/37 MP: 3/3
  2496 | D:3      | Found a burning altar of Makhleb.
  2569 | D:3      | Noticed a necrophage
  2579 | D:3      | Killed a necrophage
  2580 | D:3      | Reached XP level 5. HP: 26/42 MP: 4/4
  2697 | D:3      | Found a radiant altar of Vehumet.
  3173 | D:4      | Noticed Grinder
  3197 | D:4      | Killed Grinder
  3198 | D:4      | Reached skill level 6 in Staves
  3198 | D:4      | Reached skill level 1 in Stealth
  3198 | D:4      | Reached XP level 6. HP: 16/51 MP: 5/5
  3656 | D:4      | Found an ancient bone altar of Kikubaaqudgha.
  4080 | D:5      | Entered Level 5 of the Dungeon
  4137 | D:5      | Reached XP level 7. HP: 57/57 MP: 6/6
  4308 | D:5      | Reached skill level 7 in Staves
  4352 | D:5      | Found a white marble altar of Elyvilon.
  4384 | D:5      | Found an iron altar of Okawaru.
  4390 | D:5      | Became a worshipper of Warmaster Okawaru
  4705 | D:5      | Found a glowing silver altar of Zin.
  4706 | D:5      | Found a snail-covered altar of Cheibriados.
  5390 | D:6      | Noticed Prince Ribbit
  5411 | D:6      | Reached skill level 5 in Armour
  5421 | D:6      | Reached skill level 8 in Staves
  5441 | D:6      | Killed Prince Ribbit
  5441 | D:6      | Reached * piety under Okawaru
  5442 | D:6      | Reached XP level 8. HP: 28/67 MP: 7/7
  6253 | D:6      | Reached skill level 9 in Staves
  6733 | D:7      | Reached skill level 5 in Fighting
  6739 | D:7      | Identified the +5 hand axe "Dotiukag" {spect, *Slow rElec
                  | rPois Int-2 Dex+9}
  7046 | D:7      | Slain by an unseen horror

Illustrated notes

Levels and vault maps discovered:
D:1:      dpeg_arrival_radiant, layout_loops_ring,
          hellmonk_ecumenical_altar_watching_god
D:2:      layout_loops_ring, hangedman_decor_lopped, uniq_crazy_yiuf_cottage
D:3:      layout_basic, bloody_makhleb, mainiacjoe_overflow_catwalk, minivault_5
D:4:      layout_basic, general_overflow_altar, uniq_grinder
D:5:      layout_basic, overflow_temple_1_default, elyvilon_altar_4, minitemple
D:6:      layout_loops_cross, wad_floor_pattern_untrapped, uniq_prince_ribbit1
D:7:      layout_cave_pods, mainiacjoe_overflow_boulevard,
          minmay_temple_entry_enclosed_plants, serial_shops, shop,
          grunt_ministairs_10, hangedman_decor_diamond_cutter

Skill      XL: |  1  2  3  4  5  6  7  8 |
---------------+-------------------------+-----
Staves         | 4 5 6 8 9 |  9.4
Armour         | 1 2 3 4 5 6 |  6.5
Fighting       | 3 4 5 |  5.0
Dodging        | 4 |  4.7
Stealth        | 1 2 |  2.2
Throwing       | |  2.4

Action                   |  1- 3 |  4- 6 |  7- 9 || total
-------------------------+-------+-------+-------++-------
Melee: Quarterstaff      |    67 |    68 |   136 ||   271
       Headbutt          |     9 |    14 |    22 ||    45
Invok: Heroism           |       |       |     1 ||     1
  Use: Scroll            |     7 |     3 |       ||    10
       Potion            |       |     2 |     1 ||     3
 Stab: Sleeping          |       |     1 |       ||     1
Armor: Leather armour    |    14 |    19 |       ||    33
       Chain mail        |       |     3 |    88 ||    91
Dodge: Dodged            |    44 |    38 |    58 ||   140
